[Event "Titled Tuesday Blitz November 29 Early 2022"]
[White "Szalay, Karoly"]
[Black "Papasimakopoulos, Alexandros"]
[WhiteFideId "2600544"]
[BlackFideId "4244125"]
[WhiteElo "2539"]
[BlackElo "2365"]
[Result "1/2-1/2"]
[Round "04"]
[TimeControl "180+1"]
[Date "2022.11.30"]
[WhiteClock "0:00:26"]
[BlackClock "0:00:11"]

1. e4 e6 2. d4 d5 3. Nd2 Nf6 4. e5 Nfd7 5. f4 c5 6. c3 Nc6 7. Ndf3 cxd4 8. cxd4 a5 9. Bd3 a4 10. Ne2 a3 11. b3 Nb4 12. Bb1 g6 13. O-O Nb8 14. Be3 N8c6 15. g4 h5 16. h3 hxg4 17. hxg4 Be7 18. Kg2 Rg8 19. Rh1 Qb6 20. Rh7 Bd7 21. Ng3 Rc8 22. Kf2 Nd8 23. f5 gxf5 24. gxf5 exf5 25. Nxf5 Bxf5 26. Bxf5 Ne6 27. Rc1 Rxc1 28. Qxc1 Qc6 29. Qd2 Qa6 30. Ne1 Ng7 31. Bh3 Qg6 32. Rh6 Qe4 33. Qc3 Nc6 34. Bg2 Qf5+ 35. Ke2 Qb1 36. Bxd5 Qxa2+ 37. Bd2 Nd8 38. Bxb7 Nf5 39. Bc6+ Kf8 40. Nf3 Rg2+ 41. Kd3 Rxd2+ 42. Nxd2 Nxh6 43. Be4 Qb2 44. Qxb2 axb2 45. Kc2 Ne6 46. Nf3 Ng4 47. Kxb2 Nf2 48. Bc2 Bb4 49. d5 Nf4 50. e6 f6 51. Nd4 N2d3+ 52. Kb1 Nc5 53. Nc6 Bc3 54. b4 Bxb4 55. Nxb4 Ncxe6 56. dxe6 Nxe6 57. Bf5 Nd4 58. Be4 Ke7 59. Kb2 Kd6 60. Kc3 Nb5+ 61. Kc4 Nc7 62. Nd3 Ne6 63. Bf5 Ng7 64. Bh3 Nh5 65. Bg2 f5 66. Kd4 Ke6 67. Ke3 Kf6 68. Bf3 Ng7 69. Nf4 Ke5 70. Nd3+ Kf6 71. Be2 Nh5 72. Bd1 Ng3 73. Bc2 Kg5 74. Kf3 Ne4 75. Nf4 Nd2+ 76. Ke3 Nc4+ 77. Kf3 Nd2+ 78. Kg3 Nf1+ 79. Kf3 Nh2+ 80. Ke3 Ng4+ 81. Kf3 Ne5+ 82. Kg3 Nf7 83. Nh3+ Kf6 84. Kf4 Nd8 85. Bxf5 Ne6+ 86. Kg4 Nd4 87. Be4 Ke5 88. Bd3 Ne6 89. Kf3 Kd4 90. Bf5 Ke5 91. Bg4 Nd4+ 92. Ke3 Nc2+ 93. Kd3 Nb4+ 94. Kc4 Nd5 95. Be2 Nf4 96. Nxf4 Kxf4 1/2-1/2


[Site "https://www.chess.com"]

[Event "Titled Tuesday Blitz November 29 Early 2022"]
[White "Szpar, Milosz"]
[Black "Jumabayev, Rinat"]
[WhiteFideId "1184989"]
[BlackFideId "13702661"]
[WhiteElo "2422"]
[BlackElo "2561"]
[Result "1-0"]
[Round "04"]
[TimeControl "180+1"]
[Date "2022.11.30"]
[WhiteClock "0:00:22"]
[BlackClock "0:00:01"]

1. e4 c6 2. Nf3 d5 3. d3 g6 4. Nc3 Bg7 5. d4 dxe4 6. Nxe4 Bg4 7. c3 Nd7 8. Bc4 Ngf6 9. Neg5 O-O 10. h3 Bxf3 11. Nxf3 Qc7 12. O-O e5 13. dxe5 Nxe5 14. Bf4 Nh5 15. Bxe5 Bxe5 16. Nxe5 Qxe5 17. Re1 Qc5 18. Bb3 Rad8 19. Qf3 Kg7 20. Re2 Rd7 21. Rae1 a5 22. a3 Qb5 23. Ba2 Nf6 24. b4 axb4 25. axb4 Rd3 26. Qf4 Rxc3 27. Re7 Qf5 28. Qd4 Rc2 29. Bb1 Rd8 30. Bxc2 Rxd4 31. Bxf5 gxf5 32. Rxb7 Nd5 33. b5 cxb5 34. Rxb5 Kg6 35. Ra5 f6 36. Raa1 Nf4 37. Rad1 Rc4 38. Re3 h5 39. Rg3+ Kf7 40. Rf3 h4 41. Kh2 Kg6 42. Ra1 Ne6 43. Rfa3 Ng5 44. Ra4 Rc2 45. R1a2 Rxa2 46. Rxa2 Ne4 47. Kg1 Kg5 48. Kf1 Kg6 49. Ra8 Kg5 50. Rg8+ Kh5 51. Rh8+ Kg5 52. Ke2 Nc3+ 53. Kd3 Ne4 54. Ke3 Nc3 55. f4+ Kg6 56. Rxh4 Nd5+ 57. Kd4 Nb4 58. g4 Nc2+ 59. Kd5 Ne3+ 60. Ke6 1-0


[Site "https://www.chess.com"]

[Event "Titled Tuesday Blitz November 29 Early 2022"]
[White "Szyszylo, Rafal"]
[Black "Terzi, Alexei"]
[WhiteFideId "1109626"]
[BlackFideId "13505076"]
[WhiteElo "1981"]
[BlackElo "2172"]
[Result "0-1"]
[Round "04"]
[TimeControl "180+1"]
[Date "2022.11.30"]
[WhiteClock "0:00:01"]
[BlackClock "0:00:16"]

1. e4 c5 2. Nf3 Nc6 3. Bb5 g6 4. c3 Nf6 5. Qe2 Bg7 6. O-O O-O 7. h3 Ne8 8. Bxc6 dxc6 9. d4 cxd4 10. cxd4 Nc7 11. Rd1 Ne6 12. Be3 Qa5 13. Nc3 Rd8 14. a3 Qh5 15. e5 Nc7 16. Ne4 Qf5 17. Ng3 Qe6 18. Ng5 Qb3 19. Rd3 Qb5 20. a4 Qa6 21. Raa3 Ne6 22. N3e4 Nxg5 23. Bxg5 Bf5 24. Bxe7 Rxd4 25. f3 Bxe4 26. fxe4 Bxe5 27. Qf3 Rxd3 28. Rxd3 Re8 29. Rd7 Qxa4 30. Ba3 Qc4 31. Rxb7 a5 32. Qb3 Qxb3 33. Rxb3 Bd4+ 34. Kf1 Rxe4 35. Rb8+ Kg7 36. Bf8+ Kf6 37. Rb7 Re6 38. Bh6 g5 39. Bf8 Kg6 40. Ba3 h5 41. Rc7 Kf5 42. Rxf7+ Rf6 43. Rh7 Ke4+ 44. Ke2 h4 45. Re7+ Kd5 46. Kd3 c5 47. Rd7+ Kc6 48. Re7 Rf2 49. Ke4 Re2+ 50. Kf5 Rxe7 51. Kxg5 Rd7 52. Kxh4 Rb7 53. g4 Bxb2 54. Bxb2 Rxb2 55. g5 a4 56. g6 a3 57. Kg5 Rg2+ 58. Kf6 a2 59. h4 a1=Q+ 60. Kf7 Qb1 0-1


[Site "https://www.chess.com"]

[Event "Titled Tuesday Blitz November 29 Early 2022"]
[White "Tarlabasi, Emirhan"]
[Black "Dzhaparov, Medet"]
[WhiteFideId "6350275"]
[BlackFideId "13803689"]
[WhiteElo "2200"]
[BlackElo "1702"]
[Result "1-0"]
[Round "04"]
[TimeControl "180+1"]
[Date "2022.11.30"]
[WhiteClock "0:02:59"]
[BlackClock "0:02:31"]

1. Nf3 d5 2. c4 Nf6 3. b3 Nc6 4. Bb2 e6 5. g3 Bc5 6. Bg2 O-O 7. O-O dxc4 8. bxc4 Nd4 9. e3 Nxf3+ 10. Qxf3 Be7 11. d4 c6 12. Nc3 Qb6 13. Rab1 Qa6 14. Qe2 Bd7 15. e4 b5 16. e5 Ne8 17. cxb5 Qc8 18. bxc6 Bxc6 19. Ne4 Nc7 20. Rfc1 Qd7 21. Rxc6 Qxc6 22. Nf6+ 1-0


[Site "https://www.chess.com"]

[Event "Titled Tuesday Blitz November 29 Early 2022"]
[White "Tarnowska, Aleksandra"]
[Black "Petrova, Irina"]
[WhiteFideId "1180967"]
[BlackFideId "14124122"]
[WhiteElo "1776"]
[BlackElo "2023"]
[Result "0-1"]
[Round "04"]
[TimeControl "180+1"]
[Date "2022.11.30"]
[WhiteClock "0:00:01"]
[BlackClock "0:00:11"]

1. e4 d6 2. d4 Nf6 3. Nc3 e5 4. Nge2 Be7 5. h3 O-O 6. Be3 exd4 7. Nxd4 Nc6 8. Qd2 Bd7 9. Bd3 Nxd4 10. Bxd4 Bc6 11. O-O-O Re8 12. g4 Bf8 13. Rde1 Nd7 14. f4 a6 15. g5 b5 16. h4 Bb7 17. Nd5 c6 18. Nc3 c5 19. Bf2 c4 20. Bf1 Qa5 21. Kb1 b4 22. Nd5 c3 23. Qd4 cxb2 24. Qxb4 Qxb4 25. Nxb4 Bxe4 26. Rh3 a5 27. Nd3 Bxd3 28. Rxd3 Nc5 29. Bxc5 Rxe1+ 30. Kxb2 dxc5 31. Bg2 Rb8+ 32. Kc3 g6 33. f5 gxf5 34. Rf3 Re4 35. Rxf5 Bg7+ 36. Kd3 Rd4+ 37. Ke3 Re8+ 38. Kf2 Rd2+ 39. Kg3 Rxc2 40. Bd5 Re5 41. Bxf7+ Kf8 42. Rf3 Ke7 43. g6 hxg6 44. Bxg6 Rce2 45. Rf7+ Kd6 46. Rxg7 R2e3+ 47. Kf2 Re2+ 48. Kf3 Re7 49. Rxe7 Rxe7 50. h5 Rg7 51. Kf4 c4 52. Kg5 Kc5 53. Kf6 Rg8 54. h6 c3 55. h7 Rd8 56. Ke7 Rh8 57. Kf7 Kd4 58. Kg7 Rd8 0-1


[Site "https://www.chess.com"]

[Event "Titled Tuesday Blitz November 29 Early 2022"]
[White "Tasev, Dejan"]
[Black "Hoffmann, Asa"]
[WhiteFideId "936618"]
[BlackFideId "2001470"]
[WhiteElo "2256"]
[BlackElo "2117"]
[Result "0-1"]
[Round "04"]
[TimeControl "180+1"]
[Date "2022.11.30"]
[WhiteClock "0:00:28"]
[BlackClock "0:00:39"]

1. e4 d6 2. d4 Nf6 3. Nc3 c6 4. Nge2 Nbd7 5. a4 a5 6. g3 e5 7. Bg2 Be7 8. O-O Qc7 9. h3 b6 10. b3 Ba6 11. Bb2 c5 12. dxe5 dxe5 13. Nd5 Nxd5 14. exd5 Bd6 15. c4 O-O 16. Nc3 f5 17. Qc2 Rae8 18. Rae1 e4 19. g4 g6 20. gxf5 gxf5 21. f3 Bg3 22. Re2 exf3 23. Rxf3 Rxe2 24. Qxe2 Be5 25. Nd1 Bxb2 26. Nxb2 Qe5 27. Qf2 Bc8 28. Nd3 Qd4 29. Qxd4 cxd4 30. Rf4 Nc5 31. Rxd4 Nxb3 32. Rf4 Ba6 33. Ne5 Nc5 34. d6 Rd8 35. Bd5+ Kg7 36. Nf7 Rd7 37. Rxf5 Nxa4 38. Be6 Bc8 39. Bxd7 Bxd7 40. Rf2 Nc5 41. Ne5 a4 42. Kg2 Be6 43. Kg3 Ne4+ 44. Kg2 Nxf2 45. Kxf2 a3 46. d7 Bxd7 47. Nxd7 a2 48. Nxb6 a1=Q 49. Ke3 Qe5+ 0-1


[Site "https://www.chess.com"]

[Event "Titled Tuesday Blitz November 29 Early 2022"]
[White "Tokhirjonova, Gulrukhbegim"]
[Black "Putnam, Liam"]
[WhiteFideId "14203626"]
[BlackFideId "30938279"]
[WhiteElo "2236"]
[BlackElo "2082"]
[Result "1/2-1/2"]
[Round "04"]
[TimeControl "180+1"]
[Date "2022.11.30"]
[WhiteClock "0:00:24"]
[BlackClock "0:00:06"]

1. Nf3 d5 2. g3 g6 3. Bg2 Bg7 4. d4 c6 5. O-O Nf6 6. Nc3 O-O 7. Ne5 Nbd7 8. Bf4 Nh5 9. Nxd7 Bxd7 10. Be3 Qc7 11. h3 Rae8 12. Qd2 f5 13. Bh6 f4 14. Bxg7 Nxg7 15. g4 g5 16. e4 f3 17. Bh1 Rf4 18. e5 Ne6 19. Qe3 Nxd4 20. Rad1 Nxc2 21. Qc1 Nd4 22. Rxd4 Rxd4 23. Nb5 Qxe5 24. Nxd4 Qxd4 25. Qxg5+ Qg7 26. Qe3 b6 27. Bxf3 e5 28. Rd1 e4 29. Bg2 Qxb2 30. Rd4 Re5 31. a4 c5 32. Rd1 Bc6 33. Qh6 Be8 34. Qd6 Bf7 35. Qb8+ Kg7 36. Qxa7 Qe2 37. Rf1 d4 38. Qxb6 d3 39. Qd6 Rd5 40. Qa6 Qc2 41. Bxe4 Rd4 42. Bf5 Qc3 43. g5 d2 44. Qf6+ Kg8 45. Bg4 Rxg4+ 46. hxg4 Qxf6 47. gxf6 Bb3 48. a5 d1=Q 49. Rxd1 Bxd1 50. a6 Bf3 51. a7 Ba8 52. Kf1 Kf7 53. g5 Kg6 54. f4 h6 55. gxh6 Kxh6 56. Ke2 Kg6 57. Kd3 Kxf6 58. Kc4 Kf5 59. Kxc5 Kxf4 60. Kb6 Ke5 61. Kc7 Kd5 62. Kb8 Bc6 63. a8=Q Bxa8 1/2-1/2


[Site "https://www.chess.com"]

[Event "Titled Tuesday Blitz November 29 Early 2022"]
[White "Tologon tegin, Semetei"]
[Black "Girel, Joseph"]
[WhiteFideId "13800574"]
[BlackFideId "36033561"]
[WhiteElo "2282"]
[BlackElo "2281"]
[Result "0-1"]
[Round "04"]
[TimeControl "180+1"]
[Date "2022.11.30"]
[WhiteClock "0:00:16"]
[BlackClock "0:01:10"]

1. e4 Nc6 2. Nf3 d5 3. exd5 Qxd5 4. Nc3 Qh5 5. Bb5 Bg4 6. Bxc6+ bxc6 7. O-O Nf6 8. d4 e6 9. Bf4 Bd6 10. Bg3 O-O 11. h3 Bxf3 12. Qxf3 Qxf3 13. gxf3 Nd5 14. Ne4 Rfd8 15. c4 Ne7 16. Rfd1 Nf5 17. Nxd6 cxd6 18. b3 d5 19. c5 a5 20. a3 f6 21. Rd3 Rd7 22. Re1 Kf7 23. Kf1 Rb7 24. Ke2 Rxb3 25. Rxb3 Nxd4+ 26. Ke3 Nxb3 27. Rb1 Nxc5 28. Rc1 d4+ 29. Ke2 Nd7 30. Rxc6 e5 31. f4 e4 32. Rc7 Ke8 33. Rc4 d3+ 34. Ke3 f5 35. f3 Nf6 36. fxe4 Nxe4 37. Be1 Rd8 38. Bd2 Rd5 39. Rc7 Rd7 40. Rc8+ Kf7 41. Ra8 Nxd2 42. Kxd2 Rd4 43. Rxa5 Rxf4 44. Kxd3 Kg6 45. Ra6+ Kg5 46. Ra7 Kh6 47. a4 Rh4 48. Ke3 Rxh3+ 49. Kf4 g6 50. a5 Ra3 51. a6 Ra4+ 52. Ke5 Kg5 53. Kd5 h5 54. Kc5 h4 55. Kb5 Ra1 56. Rh7 Kg4 57. a7 h3 58. Kb6 g5 59. Rh8 f4 60. a8=Q Rxa8 61. Rxa8 h2 62. Ra1 Kh3 63. Kc5 g4 64. Kd4 g3 65. Ke4 g2 66. Ra3+ Kg4 67. Ra8 g1=Q 68. Rg8+ Kh3 0-1


[Site "https://www.chess.com"]

[Event "Titled Tuesday Blitz November 29 Early 2022"]
[White "Tsatsalashvili, Keti"]
[Black "Vlassov, Nikolai"]
[WhiteFideId "13603434"]
[BlackFideId "4103360"]
[WhiteElo "2220"]
[BlackElo "2324"]
[Result "0-1"]
[Round "04"]
[TimeControl "180+1"]
[Date "2022.11.30"]
[WhiteClock "0:00:01"]
[BlackClock "0:00:09"]

1. d4 Nf6 2. c4 Nc6 3. d5 Ne5 4. e3 e6 5. Nc3 Bb4 6. Bd2 O-O 7. Be2 d6 8. Nf3 exd5 9. cxd5 Qe7 10. O-O c6 11. dxc6 bxc6 12. Rc1 Bf5 13. Nd4 Bd7 14. Nb1 a5 15. Re1 Rfe8 16. Nc3 Rad8 17. a3 Bxc3 18. Bxc3 c5 19. Nf3 a4 20. Nxe5 dxe5 21. Qc2 Rc8 22. Red1 Bc6 23. f3 Nd5 24. Bd2 e4 25. fxe4 Qxe4 26. Qxe4 Rxe4 27. Bf3 Re6 28. Rxc5 Ne7 29. Rdc1 Bd7 30. Rxc8+ Bxc8 31. Bg4 f5 32. Bxf5 Nxf5 33. Rxc8+ Kf7 34. Rc7+ Kg6 35. Kf2 Nd6 36. Ke2 Ne4 37. Be1 Rb6 38. Rc2 Rb3 39. h4 h5 40. Kf3 Kf5 41. g3 g5 42. hxg5 Nxg5+ 43. Ke2 Ne4 44. Bf2 Kg4 45. Be1 Nxg3+ 46. Bxg3 Kxg3 47. Kd2 h4 48. Rc8 h3 49. Rg8+ Kf2 50. Rf8+ Kg2 51. Rg8+ Kh1 52. Ke2 h2 53. Kf2 Rxb2+ 54. Kf3 Rb3 55. Kf2 Rxa3 56. Ra8 Ra2+ 57. Kf3 a3 58. Rg8 Ra1 59. Ra8 a2 60. Kf2 Rg1 61. e4 a1=Q 0-1


[Site "https://www.chess.com"]

[Event "Titled Tuesday Blitz November 29 Early 2022"]
[White "Tsukerman, Julia"]
[Black "Yano, William Jorge Froes"]
[WhiteFideId "2621649"]
[BlackFideId "2112949"]
[WhiteElo "1667"]
[BlackElo "2122"]
[Result "0-1"]
[Round "04"]
[TimeControl "180+1"]
[Date "2022.11.30"]
[WhiteClock "0:01:13"]
[BlackClock "0:02:52"]

1. e4 e6 2. d4 d5 3. Nd2 h6 4. e5 c5 5. c3 Nc6 6. Ndf3 Bd7 7. Bd3 Qb6 8. Ne2 g5 9. h3 Be7 10. O-O O-O-O 11. Qc2 f6 12. exf6 Nxf6 13. Be3 g4 14. hxg4 Nxg4 15. dxc5 Bxc5 16. Bxc5 Qxc5 17. Ned4 Rdf8 18. Nxc6 Bxc6 19. Nd4 Qd6 20. Nxc6 Qh2# 0-1


[Site "https://www.chess.com"]

[Event "Titled Tuesday Blitz November 29 Early 2022"]
[White "Tworuszka, Michal"]
[Black "Nguyen, Thai Dai Van"]
[WhiteFideId "1117858"]
[BlackFideId "358878"]
[WhiteElo "2416"]
[BlackElo "2534"]
[Result "0-1"]
[Round "04"]
[TimeControl "180+1"]
[Date "2022.11.30"]
[WhiteClock "0:00:01"]
[BlackClock "0:00:55"]

1. d4 Nf6 2. c4 e6 3. Nc3 Bb4 4. f3 d5 5. a3 Be7 6. e4 dxe4 7. fxe4 c5 8. d5 exd5 9. exd5 O-O 10. Be2 Re8 11. Nf3 Bf5 12. O-O Nbd7 13. d6 Bf8 14. Nb5 Rb8 15. Nc7 Re4 16. Bd3 Bxd6 17. Bxe4 Nxe4 18. Nb5 Bf8 19. Bf4 Ra8 20. Qd5 Bg6 21. Rad1 Nef6 22. Qd2 a6 23. Nc7 Rc8 24. Nd5 Ne4 25. Qe3 Nb6 26. Ne5 f5 27. Nxg6 hxg6 28. Nxb6 Qxb6 29. Rd7 Qxb2 30. Qd3 Re8 31. Qd5+ Kh7 32. Rxb7 Qd4+ 33. Qxd4 cxd4 34. Rd1 Nc3 35. Rxd4 Ne2+ 36. Kf2 Nxd4 37. Be3 Ne6 38. Ra7 f4 39. Bb6 Bc5+ 40. Bxc5 Nxc5 41. Rc7 Nd3+ 42. Kf3 Re3+ 43. Kg4 Re4 44. c5 Ne5+ 45. Kg5 f3 46. gxf3 Nxf3# 0-1


[Site "https://www.chess.com"]

[Event "Titled Tuesday Blitz November 29 Early 2022"]
[White "Urazayev, Arystanbek"]
[Black "Levitan, Caleb Levi"]
[WhiteFideId "13709810"]
[BlackFideId "14332620"]
[WhiteElo "2441"]
[BlackElo "1963"]
[Result "1-0"]
[Round "04"]
[TimeControl "180+1"]
[Date "2022.11.30"]
[WhiteClock "0:01:59"]
[BlackClock "0:00:02"]

1. c4 e6 2. Nf3 Nf6 3. Nc3 d5 4. e3 c5 5. cxd5 exd5 6. d4 Nc6 7. Bb5 Be7 8. dxc5 Bxc5 9. O-O O-O 10. b3 a6 11. Bxc6 bxc6 12. Bb2 Bg4 13. Rc1 Bd6 14. Na4 Rc8 15. Nc5 Qb6 16. Qd4 Bxf3 17. gxf3 Rfe8 18. f4 Bxc5 19. Qxc5 Qxc5 20. Rxc5 Ne4 21. Ra5 Ra8 22. Rc1 Re6 23. f3 Rg6+ 24. Kf1 Nd2+ 25. Kf2 Rh6 26. Rh1 d4 27. Bxd4 Rh3 28. Kg2 Rxf3 29. Rd1 Nxb3 30. axb3 c5 31. Rxc5 1-0


[Site "https://www.chess.com"]

[Event "Titled Tuesday Blitz November 29 Early 2022"]
[White "Vakhlamov, Igor L."]
[Black "Cappelletto, Joshuaede"]
[WhiteFideId "24126748"]
[BlackFideId "2824383"]
[WhiteElo "2401"]
[BlackElo "2237"]
[Result "0-1"]
[Round "04"]
[TimeControl "180+1"]
[Date "2022.11.30"]
[WhiteClock "0:00:07"]
[BlackClock "0:00:17"]

1. e4 c5 2. Nf3 d6 3. Nc3 Nf6 4. d4 cxd4 5. Qxd4 e6 6. e5 dxe5 7. Qxd8+ Kxd8 8. Nxe5 Ke8 9. Bb5+ Nbd7 10. Bg5 a6 11. Nxd7 Nxd7 12. Be2 f6 13. Be3 Bc5 14. Bxc5 Nxc5 15. O-O-O Bd7 16. Bf3 Rb8 17. b4 Na4 18. Rxd7 Nxc3 19. Rxg7 Kf8 20. Rxb7 Rxb7 21. Bxb7 Nxa2+ 22. Kb2 Nxb4 23. Kb3 Nd5 24. Bxd5 exd5 25. Ra1 Rg8 26. g3 Kf7 27. Rxa6 Re8 28. Ra4 Re2 29. Rf4 Ke6 30. Kc3 Ke5 31. Kd3 Re1 32. Rh4 Rd1+ 33. Ke2 Rc1 34. Kd2 Rf1 35. f4+ Kd4 36. Rxh7 Rf2+ 37. Kc1 Rg2 38. Kb2 Ke3 39. Kb3 d4 40. Rh6 f5 41. Rh5 Ke4 42. Rh8 Ke3 43. Rh7 Ke4 44. c4 Kd3 45. Rf7 Rxh2 46. Rxf5 Rc2 47. g4 Rc3+ 48. Kb4 Rxc4+ 49. Kb5 Rc3 50. Re5 Kc2 51. g5 d3 52. g6 d2 53. Rd5 Rf3 54. g7 Rg3 55. Rd7 d1=Q 56. Rxd1 Kxd1 57. Kc6 Rxg7 58. Kd6 Rf7 59. Ke5 Ke2 60. f5 Ke3 61. Ke6 Ra7 62. f6 Ke4 63. f7 Ra6+ 64. Ke7 Ra7+ 65. Ke6 Ra6+ 66. Ke7 Ra7+ 67. Kd8 Rxf7 0-1


[Site "https://www.chess.com"]

[Event "Titled Tuesday Blitz November 29 Early 2022"]
[White "Van Osch, Mees"]
[Black "Roque Sola, Jose Luis"]
[WhiteFideId "1035967"]
[BlackFideId "5120390"]
[WhiteElo "2324"]
[BlackElo "2117"]
[Result "1-0"]
[Round "04"]
[TimeControl "180+1"]
[Date "2022.11.30"]
[WhiteClock "0:00:13"]
[BlackClock "0:00:06"]

1. e4 e6 2. d4 d5 3. Nc3 Nf6 4. e5 Nfd7 5. Nce2 c5 6. c3 Nc6 7. f4 a6 8. Nf3 b5 9. g4 Be7 10. Ng3 cxd4 11. cxd4 Bb7 12. Bd3 Bb4+ 13. Kf2 Be7 14. h4 Qb6 15. Be3 Rc8 16. h5 Nb4 17. Bb1 Qc7 18. Ne1 Nb6 19. a3 Nc6 20. b3 Na5 21. Nd3 Qc3 22. Nc5 Bxc5 23. dxc5 Nd7 24. b4 Qxa1 25. bxa5 Qxa3 26. f5 Nxc5 27. h6 Qb2+ 28. Kg1 Qxe5 29. Qe1 gxh6 30. Rxh6 d4 31. fxe6 Qxe3+ 32. Qxe3 dxe3 33. exf7+ Kxf7 34. g5 Ke7 35. Nf5+ Kd7 36. Nxe3 Ne6 37. Bf5 Rc1+ 38. Kf2 Rc6 39. Ng4 Ke7 40. Ne5 Rc5 41. Rxe6+ Kd8 42. Nf7+ 1-0


[Site "https://www.chess.com"]

[Event "Titled Tuesday Blitz November 29 Early 2022"]
[White "Visakh N R"]
[Black "Jobava, Baadur"]
[WhiteFideId "25012223"]
[BlackFideId "13601520"]
[WhiteElo "2466"]
[BlackElo "2582"]
[Result "0-1"]
[Round "04"]
[TimeControl "180+1"]
[Date "2022.11.30"]
[WhiteClock "0:01:04"]
[BlackClock "0:01:02"]

1. e4 e6 2. d4 d5 3. Nd2 Bd7 4. Ngf3 dxe4 5. Nxe4 Bc6 6. Bd3 Nd7 7. O-O Ngf6 8. Qe2 Nxe4 9. Bxe4 Bxe4 10. Qxe4 c6 11. Bf4 Be7 12. Rad1 Nf6 13. Qe2 a5 14. Ne5 a4 15. h3 O-O 16. c4 Re8 17. Rfe1 h6 18. Ng4 Bb4 19. Bd2 Bxd2 20. Rxd2 Nxg4 21. Qxg4 Qa5 22. Ree2 Qb4 23. Rc2 Red8 24. Rc3 Ra5 25. h4 h5 26. Qf4 a3 27. Qd2 axb2 28. Qxb2 Qxb2 29. Rxb2 Rxd4 30. Rxb7 Rxh4 31. g3 Rd4 32. Rc7 Rc5 33. Rf3 f6 34. Re3 e5 35. Rb3 Rcxc4 36. Rbb7 Rg4 37. Rb6 h4 0-1


[Site "https://www.chess.com"]

[Event "Titled Tuesday Blitz November 29 Early 2022"]
[White "Volkov, Maksim"]
[Black "Kuznetsov, Mikhail"]
[WhiteFideId "54123070"]
[BlackFideId "4117190"]
[WhiteElo "2257"]
[BlackElo "1981"]
[Result "0-1"]
[Round "04"]
[TimeControl "180+1"]
[Date "2022.11.30"]
[WhiteClock "0:00:15"]
[BlackClock "0:00:02"]

1. d4 Nf6 2. c4 g6 3. g3 Bg7 4. Bg2 d5 5. cxd5 Nxd5 6. e4 Nb6 7. Ne2 O-O 8. O-O Nc6 9. d5 Na5 10. Nbc3 c6 11. b4 Nac4 12. dxc6 bxc6 13. Qc2 Bg4 14. Rd1 Qc7 15. f3 Bd7 16. Bf4 e5 17. Bd2 Be6 18. Rdc1 Nxd2 19. Qxd2 Nc4 20. Qe1 Rfd8 21. Rd1 Ne3 22. Rxd8+ Rxd8 23. Qf2 Nc2 24. Rb1 Rd2 25. b5 cxb5 26. Nxb5 Qb6 27. Qxb6 axb6 28. Bf1 Bxa2 29. Rb2 Bc4 30. Nbc3 Bh6 31. Nb1 Be3+ 32. Kh1 Rd1 33. Rxc2 Rxf1+ 34. Kg2 Bxe2 35. Rxe2 Rxb1 36. Rxe3 Rb2+ 37. Kh3 Kg7 38. Rc3 h5 39. Rc8 Rb3 40. Kg2 Rb2+ 41. Kh3 Kf6 42. Re8 b5 0-1


[Site "https://www.chess.com"]

[Event "Titled Tuesday Blitz November 29 Early 2022"]
[White "Von Buelow, Georg"]
[Black "Donskov, Anatoly"]
[WhiteFideId "4620658"]
[BlackFideId "24143413"]
[WhiteElo "2213"]
[BlackElo "2219"]
[Result "0-1"]
[Round "04"]
[TimeControl "180+1"]
[Date "2022.11.30"]
[WhiteClock "0:00:33"]
[BlackClock "0:00:26"]

1. e4 c5 2. Nf3 e6 3. d4 cxd4 4. Nxd4 Nf6 5. Nc3 Nc6 6. Ndb5 Bc5 7. Bf4 O-O 8. Bc7 Qe7 9. Bd6 Bxd6 10. Qxd6 Qd8 11. Nc7 Rb8 12. O-O-O a6 13. Be2 b5 14. e5 Ne8 15. Nxe8 Rxe8 16. f4 Qa5 17. Qc5 Bb7 18. Rxd7 Nb4 19. a3 Nd5 20. Nxd5 Bxd5 21. Bf3 Bxf3 22. gxf3 Rbc8 23. Qb4 Qb6 24. Rhd1 a5 25. Qd4 Qc6 26. Qe4 Qc5 27. Qd4 Qxc2# 0-1


[Site "https://www.chess.com"]

[Event "Titled Tuesday Blitz November 29 Early 2022"]
[White "Wagner, Dennis"]
[Black "Hakobyan, Aram"]
[WhiteFideId "24650684"]
[BlackFideId "13306677"]
[WhiteElo "2470"]
[BlackElo "2563"]
[Result "1-0"]
[Round "04"]
[TimeControl "180+1"]
[Date "2022.11.30"]
[WhiteClock "0:00:03"]
[BlackClock "0:00:01"]

1. d4 Nf6 2. Nf3 g6 3. c4 c5 4. d5 Bg7 5. Nc3 O-O 6. e4 d6 7. h3 e6 8. Be2 Re8 9. O-O exd5 10. exd5 Bf5 11. g4 Ne4 12. Nxe4 Bxe4 13. Ng5 h6 14. Nxe4 Rxe4 15. Bd3 Re8 16. Qb3 Nd7 17. f4 Qh4 18. Kg2 Nf6 19. Qd1 b5 20. cxb5 Nxd5 21. Bxg6 Re3 22. Bxf7+ Kh8 23. Rf3 Nxf4+ 24. Kf1 Rxf3+ 25. Qxf3 Rf8 26. Bxf4 Rxf7 27. Kg2 d5 28. Rf1 Qd8 29. Qg3 Qe8 30. Qf3 d4 31. Qd5 Rf8 32. Rf2 Qe7 33. a4 1-0


[Site "https://www.chess.com"]

[Event "Titled Tuesday Blitz November 29 Early 2022"]
[White "Xie, Bryan"]
[Black "Radjabov, Teimour"]
[WhiteFideId "30941296"]
[BlackFideId "13400924"]
[WhiteElo "2033"]
[BlackElo "2709"]
[Result "0-1"]
[Round "04"]
[TimeControl "180+1"]
[Date "2022.11.30"]
[WhiteClock "0:00:05"]
[BlackClock "0:00:47"]

1. d4 Nf6 2. Nf3 e6 3. Bf4 d5 4. e3 c5 5. Nbd2 Nc6 6. c3 Bd6 7. dxc5 Bxc5 8. Bd3 Bd6 9. Bg3 h6 10. Qe2 O-O 11. e4 Bxg3 12. hxg3 Qc7 13. O-O b6 14. Rad1 Bb7 15. Rfe1 Rad8 16. Bb1 Rfe8 17. exd5 Rxd5 18. Ne4 Nxe4 19. Bxe4 Rdd8 20. Qc4 Qc8 21. Bb1 Ne7 22. Qg4 Rxd1 23. Rxd1 Rd8 24. Rxd8+ Qxd8 25. Qd4 Qc7 26. Ne5 Nd5 27. c4 Nf6 28. Ng4 Ne8 29. Qd3 f5 30. Ne3 Nf6 31. f3 Qxg3 32. Qd8+ Kh7 33. Kf1 Qf4 34. Ke2 Ba6 35. b3 Qe5 36. Qd2 Nh5 37. Kf2 Qc7 38. Qc2 Bc8 39. Kg1 Nf4 40. Qf2 Qd8 41. Qe1 Qd4 42. Kh1 a5 43. Ng4 Ng6 44. Nf2 e5 45. Nd3 Bb7 46. Qe2 e4 47. fxe4 Bxe4 48. Bc2 Nh4 49. Ne1 Qe5 50. Bxe4 fxe4 51. Qe3 Nf5 52. Qxb6 Qg3 53. Qg1 Qh4+ 54. Qh2 Qxe1+ 55. Qg1 Qh4+ 56. Qh2 Ng3+ 57. Kg1 Ne2+ 58. Kh1 Qe1+ 59. Qg1 Qxg1# 0-1


[Site "https://www.chess.com"]

[Event "Titled Tuesday Blitz November 29 Early 2022"]
[White "Xiong, Jeffery"]
[Black "Kosakowski, Jakub"]
[WhiteFideId "2047640"]
[BlackFideId "1185080"]
[WhiteElo "2725"]
[BlackElo "2463"]
[Result "1-0"]
[Round "04"]
[TimeControl "180+1"]
[Date "2022.11.30"]
[WhiteClock "0:00:15"]
[BlackClock "0:00:11"]

1. d4 d5 2. c4 e5 3. dxe5 d4 4. Nf3 Nc6 5. a3 Nge7 6. b4 Ng6 7. Bb2 a5 8. b5 Ncxe5 9. Nxe5 Nxe5 10. Qxd4 Qxd4 11. Bxd4 Nxc4 12. e3 Be6 13. Be2 f6 14. O-O Bd6 15. Rc1 Nb6 16. Nd2 Ke7 17. Ne4 Nd5 18. Nxd6 cxd6 19. Bf3 Rhc8 20. Kf1 Kd7 21. Ke1 Rxc1+ 22. Rxc1 Rc8 23. Kd2 Rxc1 24. Kxc1 Nc7 25. a4 Bd5 26. Bd1 Ne6 27. Bb6 Nc5 28. Kd2 Bb3 29. Bxb3 Nxb3+ 30. Kc3 Nc5 31. Bxc5 dxc5 32. b6 Kc6 33. Kc4 Kxb6 34. Kd5 c4 35. Kxc4 Kc6 36. e4 b6 37. f4 g5 38. e5 fxe5 39. fxe5 h5 40. e6 g4 41. e7 Kd7 42. Kb5 Kxe7 43. Kxb6 Kd6 44. Kxa5 Kc5 45. Ka6 Kc6 46. a5 h4 47. g3 hxg3 48. hxg3 Kc7 49. Kb5 Kb7 50. Kc5 Ka6 51. Kd4 Kxa5 52. Ke4 Kb6 53. Kf4 Kc7 54. Kxg4 Kd7 55. Kf5 1-0


[Site "https://www.chess.com"]

[Event "Titled Tuesday Blitz November 29 Early 2022"]
[White "Yeremyan, Alen"]
[Black "Ronka, Erik"]
[WhiteFideId "13308998"]
[BlackFideId "505080"]
[WhiteElo "2159"]
[BlackElo "2264"]
[Result "1-0"]
[Round "04"]
[TimeControl "180+1"]
[Date "2022.11.30"]
[WhiteClock "0:00:42"]
[BlackClock "0:00:04"]

1. g3 d5 2. Bg2 c6 3. c4 Nf6 4. Nf3 Bg4 5. O-O e6 6. d4 Nbd7 7. Nc3 Be7 8. h3 Bh5 9. Nd2 O-O 10. Qb3 Rb8 11. e4 dxc4 12. Nxc4 b5 13. Ne3 c5 14. d5 c4 15. Qc2 exd5 16. Nexd5 Nxd5 17. Nxd5 Bc5 18. Bf4 Rc8 19. a4 a6 20. axb5 axb5 21. Kh1 Nb6 22. Nxb6 Qxb6 23. g4 Bg6 24. f3 Bd4 25. Rfd1 c3 26. bxc3 Bxc3 27. Rab1 b4 28. Qb3 h6 29. Rdc1 Qc6 30. Rd1 Rfd8 31. Kh2 Kh7 32. h4 f6 33. h5 Be8 34. Kg3 Qb7 35. Rxd8 Rxd8 36. Qxc3 bxc3 37. Rxb7 Rd1 38. Rc7 c2 39. Rxc2 Ba4 40. Rc7 Rb1 41. e5 f5 42. gxf5 Re1 43. f6 Kg8 44. Rxg7+ Kf8 45. Bxh6 Be8 46. Re7+ Kg8 47. Rxe8+ Kh7 48. Bh3 Kxh6 49. Rh8+ Kg5 50. f4# 1-0


[Site "https://www.chess.com"]